 Dungeon Crawl Stone Soup version 0.26.0-91-g99b343417d (webtiles) character file.

Game seed: 13702308680794609657

4452 Gadfly the Covert (level 10, -2/56 HPs)
             Began as a Vampire Enchanter on Feb 4, 2021.
             Was an Initiate of Gozag.
             Slain by a yak (14 damage)
             ... on level 9 of the Dungeon.
             The game lasted 00:23:16 (11217 turns).

Gadfly the Covert (Vampire Enchanter)              Turns: 11217, Time: 00:23:16

Health: -2/56      AC:  6    Str:  7    XL:     10   Next: 15%
Magic:  8/19       EV: 21    Int: 19    God:    Gozag
Gold:   875        SH:  6    Dex: 17    Spells: 9/21 levels left

rFire    . . .     SeeInvis +   a - +4 dagger (venom)
rCold    + + +     Faith    .   c - +0 buckler
rNeg     + + +     Spirit   .   G - +2 robe {rC+}
rPois    ∞         Reflect  .   (no helmet)
rElec    .         Harm     .   (no cloak)
rCorr    .         Rampage  .   d - +1 pair of gloves
Will     +....                  (no boots)
Stlth    +++++++...             q - amulet of regeneration
HPRegen  0.00/turn              i - +4 ring of evasion
MPRegen  0.16/turn              v - ring of protection from cold

@: gold aura, bloodless
A: fangs 3, see invisible, unbreathing
a: Bat Form, Revivify, Renounce Religion, Potion Petition, Call Merchant, Bribe
Branch


You were on level 9 of the Dungeon.
You worshipped Gozag.
Gozag was pleased with you.
You visited 2 branches of the dungeon, and saw 11 of its levels.

You collected 1031 gold pieces.
You spent 75 gold pieces at shops.
You paid 81 gold pieces to Gozag.

Inventory:

Hand Weapons
 a - a +4 dagger of venom (weapon)
 b - a +0 hand axe of electrocution
 y - a +2 dagger of venom
 E - a +2 scimitar of flaming
 F - a +0 dagger of draining
Missiles
 r - 2 throwing nets
Armour
 c - a +0 buckler (worn)
 d - a +1 pair of gloves (worn)
 G - a +2 robe of cold resistance (worn)
Jewellery
 i - a +4 ring of evasion (left hand)
 q - an amulet of regeneration (around neck)
 v - a ring of protection from cold (right hand)
Wands
 h - a wand of random effects (15)
 w - a wand of flame (33)
 x - a wand of disintegration (8)
 A - a wand of polymorph (8)
Scrolls
 k - a scroll of fear
 m - 2 scrolls of remove curse
 n - 2 scrolls of enchant armour
 o - 2 scrolls of identify
 C - a scroll of teleportation
 D - a scroll of amnesia
Potions
 e - 2 potions of invisibility
 g - 2 potions of ambrosia
 j - 2 potions of curing
 l - a potion of heal wounds
 p - a potion of mutation
 s - a potion of might
 t - a potion of flight
 u - a potion of brilliance
 z - 2 potions of haste
 B - a potion of resistance


   Skills:
 + Level 4.1 Fighting
 + Level 6.7 Short Blades
 * Level 7.4 Dodging
 + Level 10.5 Stealth
 + Level 5.4 Shields
 + Level 6.3 Spellcasting
 + Level 8.0 Hexes
 * Level 5.6 Evocations


You had 9 spell levels left.
You knew the following spells:

 Your Spells              Type           Power        Failure   Level
a - Blink                 Tloc           N/A          17%         2
b - Ensorcelled Hibernat  Hex/Ice        42%          3%          2
c - Confusing Touch       Hex            36%          1%          3
d - Dazzling Flash        Conj/Hex       42%          6%          3
e - Slow                  Hex            36%          1%          2

Your spell library contained the following spells:

 Spells                   Type           Power        Failure   Level
 Corona                   Hex            40%          1%          1
 Tukima's Dance           Hex            36%          1%          3
 Animate Skeleton         Necr           12%          11%         1
 Apportation              Tloc           12%          11%         1
 Freeze                   Ice            24%          11%         1
 Magic Dart               Conj           24%          11%         1
 Shock                    Conj/Air       24%          11%         1
 Summon Small Mammal      Summ           24%          11%         1
 Call Imp                 Summ           6%           17%         2
 Conjure Flame            Conj/Fire      6%           32%         3
 Frozen Ramparts          Ice            12%          32%         3
 Gell's Gravitas          Tloc           3%           32%         3
 Mephitic Cloud           Conj/Pois/Air  6%           32%         3
 Ozocubu's Armour         Ice            6%           32%         3
 Metabolic Englaciation   Hex/Ice        10%          50%         5
 Yara's Violent Unravell  Hex/Tmut       10%          50%         5
 Hailstorm                Conj/Ice       6%           73%         4
 Petrify                  Tmut/Erth      6%           73%         4
 Summon Ice Beast         Ice/Summ       6%           73%         4


Dungeon Overview and Level Annotations

Branches:
Dungeon (10/15)            Temple (1/1) D:4
   Lair: D:8-11         Orc: D:9-12

Altars:
Ashenzari
Cheibriados
Dithmenos
Elyvilon
Fedhas
Gozag
Hepliaklqana
Kikubaaqudgha
Makhleb
Nemelex Xobeh
Okawaru
Qazlal
Ru
Sif Muna
Trog
Uskayaw
Vehumet
Wu Jian
Xom
Yredelemnul
Zin
The Shining One

Shops:
D:6 !

Annotations:
D:7 Erica


Innate Abilities, Weirdness & Mutations

You do not regenerate when monsters are visible.
You are frail without blood (-20% HP).
You can heal yourself when you bite living creatures.
You are immune to poison.
You have razor-sharp teeth.
You have supernaturally acute eyesight. (SInv)
You can survive without breathing.


Message History

* * * LOW HITPOINT WARNING * * *
Unknown command.
The yak gores you.
* * * LOW HITPOINT WARNING * * *
You climb upwards.
There is a stone staircase leading down here.
Casting: Ensorcelled Hibernation (safe; 3% risk of failure)
Confirm with . or Enter, or press ? or * to list all spells.
Aiming: Ensorcelled Hibernation (safe; 3% risk of failure)
Press: ? - help, Shift-Dir - straight line, f - yak
Aim: a yak (chance to affect: 50%)
The yak resists with some effort.
The yak barely misses you.
Casting: Ensorcelled Hibernation (safe; 3% risk of failure)
Confirm with . or Enter, or press ? or * to list all spells.
Aiming: Ensorcelled Hibernation (safe; 3% risk of failure)
Press: ? - help, Shift-Dir - straight line, f/p - yak
Aim: a yak (chance to affect: 50%)
The yak resists with some effort.
The yak gores you!
You die...
Your body crumbles into a pile of gold.

#.............##########
#.........########.<....
#.######..#......#......
#.# #..#......#......
#.# #..#......#......
#.# #..#......'......
#.# #..#......#[#####
#.######..#......#.#####
#.[...Y@..#......#......
#.........#......#......
#..>......'..#####......
#.[.....###..'........#+
#.......#....#........#.
#.......#....#........#.
#.......#...[#........#.
#.......#....#...####.#.
#....<..#....#........#.


You could see a yak.

Vanquished Creatures
  A centaur zombie (D:10)
  2 trolls
  4 wyverns
  A yak (D:10)
  A water moccasin (D:8)
  An orc warrior (D:10)
  A sky beast (D:6)
  2 phantoms
  3 ogres
  A centaur (D:7)
  3 big kobolds (D:10)
  6 bullfrogs
  3 gnoll sergeants
  5 howler monkeys
  3 bullfrog zombies
  An orc priest (D:9)
  2 hounds
  2 jellies
  3 orc wizards
  A bullfrog skeleton (D:10)
  A centaur skeleton (D:8)
  An iguana (D:10)
  8 worker ants
  A worker ant zombie (D:7)
  A gnoll (D:10)
  10 adders
  A shadow imp (D:10)
  2 white imps
  An ufetubus (D:9)
  2 oozes
  2 adder zombies
  An adder skeleton (D:4)
  A worm (D:3)
  A dart slug (D:1)
  3 leopard geckos
  27 orcs
  A ball python (D:3)
  7 bats
  4 giant cockroaches
  7 goblins
  10 hobgoblins
  2 jackals (D:5)
  A quokka (D:10)
  6 frilled lizards
  8 kobolds
  A leopard gecko skeleton (D:8)
  A quokka zombie (D:6)
  9 rats
166 creatures vanquished.

Vanquished Creatures (others)
  2 fungi (D:10)
  14 plants (D:10)
16 creatures vanquished.

Grand Total: 182 creatures vanquished

Notes
Turn   | Place    | Note
-------+----------+-------------------------------------------
     0 | D:1      | Gadfly the Vampire Enchanter began the quest for the Orb.
     0 | D:1      | Reached XP level 1. HP: 13/13 MP: 3/3
   182 | D:1      | Reached XP level 2. HP: 13/19 MP: 5/5
   398 | D:1      | Learned a level 2 spell: Ensorcelled Hibernation
   515 | D:1      | You fall into a shaft and drop 1 floor!
   655 | D:1      | Reached skill level 5 in Stealth
   940 | D:1      | Reached XP level 3. HP: 20/20 MP: 6/6
   978 | D:1      | Learned a level 3 spell: Confusing Touch
  2033 | D:2      | Found a broken altar of Ashenzari.
  2629 | D:3      | Reached skill level 1 in Evocations
  2747 | D:3      | Reached XP level 4. HP: 15/24 MP: 4/7
  3685 | D:4      | Reached skill level 1 in Fighting
  3685 | D:4      | Reached XP level 5. HP: 29/29 MP: 8/8
  4201 | D:4      | Learned a level 3 spell: Dazzling Flash
  4210 | D:4      | Reached skill level 5 in Hexes
  4211 | D:4      | Found a staircase to the Ecumenical Temple.
  4355 | D:5      | Entered Level 5 of the Dungeon
  4632 | Temple   | Entered the Ecumenical Temple
  4690 | Temple   | Became a worshipper of Gozag Ym Sagoz the Greedy
  4931 | D:5      | Reached XP level 6. HP: 27/34 MP: 1/10
  5843 | D:5      | Reached skill level 9 in Stealth
  5843 | D:5      | Reached skill level 5 in Spellcasting
  5843 | D:5      | Reached XP level 7. HP: 42/42 MP: 10/15
  5924 | D:6      | Reached skill level 5 in Evocations
  5924 | D:6      | Found View's Distillery.
  5986 | D:6      | Bought a potion of degeneration for 15 gold pieces
  5986 | D:6      | Bought a potion of brilliance for 60 gold pieces
  6595 | D:6      | Reached XP level 8. HP: 48/48 MP: 16/16
  6831 | D:7      | Found a shadowy altar of Dithmenos.
  7383 | D:7      | Learned a level 2 spell: Blink
  7430 | D:8      | Noticed Erica
  7501 | D:7      | Noticed Erica
  7501 | D:7      | Erica changed into Erica the wind drake
  7506 | D:7      | HP: 2/48 [Erica the wind drake/the air (18)]
  7778 | D:8      | Found a snail-covered altar of Cheibriados.
  7778 | D:8      | Found a blossoming altar of Fedhas.
  7866 | D:8      | Reached skill level 10 in Stealth
  8253 | D:8      | Found a shimmering blue altar of Sif Muna.
  8306 | D:8      | Identified Sif Muna's Papyrus of Conjuration
  8354 | D:8      | Noticed a troll
  8359 | D:8      | Killed a troll
  8398 | D:8      | Found a white marble altar of Elyvilon.
  8401 | D:8      | Found a blossoming altar of Fedhas.
  8401 | D:8      | Found a shimmering altar of Xom.
  8403 | D:8      | Found a shimmering altar of Xom.
  8403 | D:8      | Found an opulent altar of Gozag.
  8403 | D:8      | Found a glowing golden altar of the Shining One.
  8491 | D:8      | Found an iron altar of Okawaru.
  8926 | D:9      | Reached XP level 9. HP: 52/52 MP: 18/18
  9506 | D:9      | Learned a level 2 spell: Slow
 10443 | D:10     | Entered Level 10 of the Dungeon
 10483 | D:10     | Reached skill level 1 in Shields
 10603 | D:10     | Noticed a troll
 10630 | D:10     | HP: 2/52 [troll (8)]
 10830 | D:10     | Killed a troll
 11036 | D:10     | Reached skill level 5 in Shields
 11036 | D:10     | Reached XP level 10. HP: 14/56 MP: 17/19
 11217 | D:9      | Slain by a yak

Illustrated notes

Levels and vault maps discovered:
D:1:      lemuel_arrival_funnel, layout_basic, hex_medium, interstate_on_off,
          minmay_statues_item
D:2:      layout_basic, minmay_misc_feat_ornament, nicolae_ashenzari_panopticon
D:3:      layout_basic
D:4:      layout_gridville, minmay_temple_entry_from_below_b
D:5:      layout_layer_cave
D:6:      layout_cave_pools, serial_shops, shop_fountains
D:7:      layout_cave_pools, basic_altar
D:8:      minmay_polygon_palace, layout_layer_cave, led_sif_book,
          okawaru_metal_pillars_1_2, gammafunk_temple_overflow_wave,
          doesnt_xom_only_xom, uniq_erica
D:9:      layout_stronghold
D:10:     layout_grid_maze, minmay_lair_entry_grove,
          kennysheep_orc_monster_closet_entryway, enter_bailey_4,
          minmay_fractal_squares_gapless_5, uniq_grum
Temple:   eino_narrow_crystal_temple

Skill      XL: |  1  2  3  4  5  6  7  8  9 10 |
---------------+-------------------------------+-----
Stealth        | 5 9 10 | 10.5
Evocations     | 1 4 5 |  5.6
Dodging        | 3 6 7 |  7.4
Short Blades   | 2 6 |  6.7
Fighting       | 1 3 4 |  4.1
Hexes          | 5 7 8 |  8.0
Spellcasting   | 5 6 |  6.3
Shields        | 5 |  5.4

Action                   |  1- 3 |  4- 6 |  7- 9 | 10-12 || total
-------------------------+-------+-------+-------+-------++-------
Melee: Dagger            |   129 |    81 |   327 |    18 ||   555
       Bite              |     3 |     9 |    30 |     2 ||    44
 Cast: Ensorcelled Hiber |    13 |    14 |    51 |    12 ||    90
       Confusing Touch   |       |       |     6 |       ||     6
 Abil: Exsanguinate      |     1 |       |       |       ||     1
Evoke: Wand              |       |       |     1 |       ||     1
  Use: Scroll            |     7 |     7 |    11 |       ||    25
       Potion            |     3 |     1 |     4 |       ||     8
 Stab: Sleeping          |    32 |    20 |    34 |     5 ||    91
       Confused          |       |       |     6 |       ||     6
       Distracted        |       |       |     2 |       ||     2
Armor: Robe              |    16 |     6 |    24 |     1 ||    47
Dodge: Dodged            |    69 |    69 |   254 |     9 ||   401
Block: Buckler           |       |       |       |     1 ||     1
